 Dungeon Crawl Stone Soup version 0.21.1-1-g345015f (webtiles) character file.

40 prawnwizard the Magician (level 3, 0/23 HPs)
             Began as an Octopode Wizard on July 3, 2018.
             Succumbed to an adder's poison
             ... on level 1 of the Dungeon.
             The game lasted 00:04:03 (1314 turns).

prawnwizard the Magician (Octopode Wizard)          Turns: 1314, Time: 00:04:04

Health: 0/23       AC:  1    Str:  6    XL:     3   Next: 50%
Magic:  5/8        EV: 10    Int: 21    God:
Gold:   34         SH:  5    Dex: 10    Spells: 4/9 levels left

rFire    . . .     SeeInvis .   f - +2 short sword (drain)
rCold    . . .     Gourm    .   j - +0 shield
rNeg     . . .     Faith    .   a - +0 hat
rPois    .         Spirit   .   (no amulet)
rElec    .         Reflect  .   (no ring)
rCorr    .         Harm     .   (no ring)
MR       .....                  (no ring)
Stlth    +++.......             (no ring)
HPRegen  0.07/turn              (no ring)
MPRegen  0.11/turn              (no ring)
                                (no ring)
                                (no ring)

@: lethally poisoned (0 -> -2), very slightly contaminated, slowed, drained,
very slow
A: almost no armour, stealthy swim, amphibious, 8 rings, constrict 8, camouflage
1, gelatinous body 1
a: no special abilities


You were on level 1 of the Dungeon.
You were not hungry.

You visited 1 branch of the dungeon, and saw 2 of its levels.

You collected 34 gold pieces.

Inventory:

Hand Weapons
 d - a +0 dagger
 f - a +2 short sword of draining (weapon)
Armour
 a - a +0 hat (worn)
 j - a +0 shield (worn)
Scrolls
 e - a scroll of identify {unknown}
 g - a scroll of remove curse {unknown}
 h - a scroll of teleportation {unknown}
Potions
 i - a potion of curing {unknown}
Books
 b - a book of Minor Magic

   Spells                             Type                      Level
   a - Magic Dart                     Conjuration                  1
   b - Blink                          Translocation                2
   c - Call Imp                       Summoning                    2
   d - Slow                           Hexes                        2
   e - Conjure Flame                  Conjuration/Fire             3
   f - Mephitic Cloud                 Conjuration/Poison/Air       3
Comestibles
 c - 3 rations


   Skills:
 + Level 1.0(0.7) Fighting
 - Level 2.1(1.8) Dodging
 - Level 2.6(2.3) Stealth
 + Level 0.1(0.0) Shields
 + Level 3.5(3.2) Spellcasting
 * Level 1.9(1.6) Conjurations
 + Level 1.0(0.7) Summonings
 - Level 1.0(0.7) Translocations


You had 4 spell levels left.
You knew the following spells:

 Your Spells              Type           Power        Failure   Level  Hunger
a - Magic Dart            Conj           ##..         43%         1    None
b - Call Imp              Summ           #.......     69%         2    ##.....
c - Blink                 Tloc           N/A          71%         2    ##.....


Dungeon Overview and Level Annotations

Branches:
Dungeon (2/15)

Altars:

Annotations:
D:1 Natasha


Innate Abilities, Weirdness & Mutations

You cannot wear most types of armour.
You are very stealthy in the water. (Stealth+)
You are amphibious.
You can wear up to eight rings at the same time.
You can use your tentacles to constrict eight enemies at once.
Your skin changes colour to match your surroundings (Stealth+).
Your rubbery body absorbs attacks. (AC +1, EV +1)


Message History

You block the adder's attack.
The crimson imp shouts, "Get thee hence, thou spongy tickle-brained swadder!"
The crimson imp blinks!
Natasha claws you! The adder bites you but does no damage.
You climb upwards.
The crimson imp disappears in a puff of smoke! x2
The iron imp disappears in a puff of smoke!
There is a stone staircase leading down here.
You closely miss the adder. Your grab misses the adder.
The adder is severely wounded.
The adder bites you.
You are poisoned.
The adder poisons you! Natasha claws you. You block the adder's attack.
Natasha claws you!
* * * LOW HITPOINT WARNING * * *
The adder closely misses you.
You hit Natasha. You grab Natasha.
Natasha is lightly wounded.
You constrict Natasha, but do no damage.
You die...

#..##.# #..........
####.##.#
#..........
#.......#
#..........
#.......#
###..........
#.......#
#............
#####.#.#
##.#..........
#...###.............
##....()###.#.######
#.@h.##).#...# #.
##.S.#[..)#..# #.
#.#.#....#..# #.
#.#..#..##.## #.
#.##.###...# #.
#.##..[..### #.
#.######## #. #.# ##
#.#


You could see Natasha and an adder.

Vanquished Creatures
  A gnoll (D:1)
  6 bats (D:1)
  3 giant cockroaches (D:1)
  5 goblins (D:1)
  4 hobgoblins (D:1)
  5 kobolds (D:1)
  A frilled lizard (D:1)
  2 rats (D:1)
27 creatures vanquished.

Notes
Turn   | Place    | Note
-------+----------+-------------------------------------------
     0 | D:1      | prawnwizard the Octopode Wizard began the quest for the Orb.
     0 | D:1      | Reached XP level 1. HP: 11/11 MP: 4/4
   189 | D:1      | Reached XP level 2. HP: 14/17 MP: 0/6
   543 | D:1      | Learned a level 2 spell: Call Imp
   546 | D:1      | Learned a level 2 spell: Blink
   686 | D:1      | Reached XP level 3. HP: 15/22 MP: 0/8
  1210 | D:1      | Reached skill level 1 in Fighting
  1304 | D:2      | Noticed Natasha
  1313 | D:1      | HP: 1/23 [Natasha (8)]
  1314 | D:1      | Succumbed to an adder's poison

Skill      XL: |  1  2  3 |
---------------+----------+-----
Fighting       | 1 |  1.0
Dodging        | |  2.1
Stealth        | |  2.6
Shields        | |  0.1
Spellcasting   | |  3.5
Conjurations   | |  1.9
Summonings     | |  1.0
Translocations | |  1.0

Action                   || total
-------------------------++-------
Melee: Dagger            ||    19
       Constrict         ||    11
       Tentacles         ||     4
       Short sword       ||    14
 Cast: Magic Dart        ||    47
       Call Imp          ||     1
  Eat: Chunk             ||     1
Armor: Skin              ||     7
Dodge: Dodged            ||    33
Block: Shield            ||     2
